 Dungeon Crawl Stone Soup version 0.22-a0-322-g60b3cfd (webtiles) character file.

1540 xccam the Covered (level 8, -1/64 HPs)
             Began as a Gnoll Wanderer on Apr 2, 2018.
             Was a Believer of Okawaru.
             Slain by an unseen horror (3 damage)
             ... on level 5 of the Dungeon on Apr 3, 2018.
             The game lasted 00:18:07 (4019 turns).

xccam the Covered (Gnoll Wanderer)                  Turns: 4019, Time: 00:18:08

Health: -1/64      AC: 10    Str: 10 (13) XL:     8   Next: 86%
Magic:  11/13      EV: 16    Int: 14 (16) God:    Okawaru [**....]
Gold:   156        SH:  0    Dex: 16 (17) Spells: 13/14 levels left

rFire    . . .     SeeInvis .   c - +0 quarterstaff
rCold    . . .     Gourm    .   (shield currently unavailable)
rNeg     . . .     Faith    .   d - +0 ring mail
rPois    .         Spirit   .   (no helmet)
rElec    .         Reflect  .   i - +0 cloak
rCorr    .         Harm     .   l - +0 pair of gloves
MR       .....                  (no boots)
Stlth    ++++......             (no amulet)
HPRegen  0.20/turn              (no ring)
MPRegen  0.13/turn              (no ring)

@: heroism, hasted, very quick
A: distributed training, fangs 1, strong nose
a: Heroism, Renounce Religion


You were on level 5 of the Dungeon.
You worshipped Okawaru.
Okawaru was pleased with you.
You were not hungry.

You visited 1 branch of the dungeon, and saw 5 of its levels.

You collected 156 gold pieces.

Inventory:

Hand Weapons
 a - a +2 hand crossbow
 c - a +0 quarterstaff (weapon)
 k - a +0 shortbow
 C - a +0 war axe
Missiles
 b - 41 bolts
 g - 5 tomahawks (quivered)
 v - 46 arrows
Armour
 d - a +0 ring mail (worn)
 i - a +0 cloak (worn)
 l - a +0 pair of gloves (worn)
Magical Staves
 D - an uncursed staff of wizardry
Jewellery
 r - an uncursed ring of teleportation
 y - an uncursed amulet of faith {unknown}
Wands
 u - a wand of iceblast (9)
Scrolls
 m - a scroll of noise
 p - 3 scrolls of teleportation
 s - a scroll of random uselessness {unknown}
 t - a scroll of fear {unknown}
 w - a scroll of identify
 x - a scroll of immolation {unknown}
 E - a scroll of remove curse
Potions
 e - a potion of haste
 h - a potion of cancellation
 j - a potion of brilliance
 n - 3 potions of mutation
 q - 3 potions of flight
Comestibles
 f - 8 rations


   Skills:
 + Level 5.9(10.9) Fighting
 + Level 3.5(8.5) Short Blades
 + Level 3.5(8.5) Long Blades
 + Level 3.5(8.5) Axes
 + Level 3.5(8.5) Maces & Flails
 + Level 3.5(8.5) Polearms
 + Level 3.5(8.5) Staves
 + Level 3.5(8.5) Slings
 + Level 3.5(8.5) Bows
 + Level 4.4(9.4) Crossbows
 + Level 4.4(9.4) Throwing
 + Level 7.5(12.5) Armour
 + Level 4.4(9.4) Dodging
 + Level 4.3(9.3) Stealth
 + Level 3.5(8.5) Shields
 + Level 3.5(8.5) Unarmed Combat
 + Level 3.5 Spellcasting
 + Level 2.9 Conjurations
 + Level 2.9 Hexes
 + Level 2.9 Charms
 + Level 2.9 Summonings
 + Level 2.9 Necromancy
 + Level 2.9 Translocations
 + Level 2.9 Transmutations
 + Level 2.9 Fire Magic
 + Level 2.9 Ice Magic
 + Level 2.9 Air Magic
 + Level 2.9 Earth Magic
 + Level 2.9 Poison Magic
 + Level 3.9 Invocations
 + Level 4.4 Evocations


You had 13 spell levels left.
You knew the following spells:

 Your Spells              Type           Power        Failure   Level  Hunger
a - Apportation           Tloc           ##....       12%         1    None


Dungeon Overview and Level Annotations

Branches:
Dungeon (5/15)
 Temple: D:4-7

Altars:
Ashenzari
Okawaru

Shops:
D:5 (*(

Annotations:
D:3 2 transporters


Innate Abilities, Weirdness & Mutations

Your experience applies equally to all skills.
You have very sharp teeth.
Your uncanny sense of smell can sniff out nearby items.


Message History

Something hits you.
* * * LOW HITPOINT WARNING * * *
Something hits you but does no damage. Something hits you.
* * * LOW HITPOINT WARNING * * *
Something hits you!
* * * LOW HITPOINT WARNING * * *
Items here: ! )) [ a club; a black potion; a hand axe; a leather armour You feel better.
Something hits you but does no damage. x2
You gain the combat prowess of a mighty hero.
You hit something. You bite something. Something hits you.
* * * LOW HITPOINT WARNING * * *
Something barely misses you.
You hit something but do no damage. Something hits you.
* * * LOW HITPOINT WARNING * * *
You barely miss something. Something completely misses you.
Something hits you but does no damage.
You closely miss something. Something hits you.
You die...

...###.. #..:#..
......#...#... .
....#...#...# ##.
#........... #..
#....#...# # #.#
#...#...# . #+#
#.#.# #..#...#(..
#.#
#.#.####h.(#...#
#.#
#.....@{l...#...#
####.##
###.#####.)........
#.#...## #.#
#.#...#...#
.#...).######.#
#..#...#...
###...........#
#..%#..$#.. #
##.##########
#..#...#... ###..#
#.#...#... .#.#.#
#... .... #.##.#


You could see a hound and a leopard gecko.

Vanquished Creatures
  A yak (D:5)
  Sigmund (D:2)
  2 ogres
  A phantom (D:5)
  2 centaurs
  3 scorpions
  A howler monkey (D:5)
  A gnoll shaman (D:4)
  3 hounds
  A centaur skeleton (D:4)
  An iguana (D:3)
  4 orc wizards
  2 worker ants
  6 adders
  9 gnolls
  A shadow imp (D:5)
  2 adder skeletons (D:4)
  3 worms (D:2)
  5 dart slugs
  10 leopard geckos
  22 orcs
  8 giant cockroaches
  6 goblins
  3 hobgoblins
  6 jackals
  4 quokkas
  2 ball pythons
  8 bats
  6 frilled lizards
  12 kobolds
  6 rats
142 creatures vanquished.

Notes
Turn   | Place    | Note
-------+----------+-------------------------------------------
     0 | D:1      | xccam the Gnoll Wanderer began the quest for the Orb.
     0 | D:1      | xccam set off with: a +2 hand crossbow, 29 bolts, a +0 quarterstaff, a +0 ring mail, a ration
     0 | D:1      | Reached XP level 1. HP: 20/20 MP: 2/2
    51 | D:1      | Reached XP level 2. HP: 25/26 MP: 3/3
   191 | D:1      | Reached XP level 3. HP: 31/31 MP: 4/4
   324 | D:1      | You fall through a shaft!
   442 | D:1      | Reached skill level 1 in Invocations
   700 | D:2      | Reached skill level 1 in Short Blades
   700 | D:2      | Reached skill level 1 in Long Blades
   700 | D:2      | Reached skill level 1 in Axes
   700 | D:2      | Reached skill level 1 in Maces & Flails
   700 | D:2      | Reached skill level 1 in Polearms
   700 | D:2      | Reached skill level 1 in Staves
   700 | D:2      | Reached skill level 1 in Slings
   700 | D:2      | Reached skill level 1 in Bows
   700 | D:2      | Reached skill level 1 in Shields
   700 | D:2      | Reached skill level 1 in Unarmed Combat
   700 | D:2      | Reached skill level 1 in Spellcasting
   725 | D:2      | Noticed Sigmund
   730 | D:2      | Killed Sigmund
   730 | D:2      | Reached skill level 1 in Conjurations
   730 | D:2      | Reached skill level 1 in Hexes
   730 | D:2      | Reached skill level 1 in Charms
   730 | D:2      | Reached skill level 1 in Summonings
   730 | D:2      | Reached skill level 1 in Necromancy
   730 | D:2      | Reached skill level 1 in Translocations
   730 | D:2      | Reached skill level 1 in Transmutations
   730 | D:2      | Reached skill level 1 in Fire Magic
   730 | D:2      | Reached skill level 1 in Ice Magic
   730 | D:2      | Reached skill level 1 in Air Magic
   730 | D:2      | Reached skill level 1 in Earth Magic
   730 | D:2      | Reached skill level 1 in Poison Magic
   730 | D:2      | Reached XP level 4. HP: 26/38 MP: 6/6
   730 | D:2      | Reached XP level 5. HP: 30/43 MP: 7/7
   875 | D:2      | Reached XP level 6. HP: 40/50 MP: 8/8
  1036 | D:2      | Reached skill level 5 in Fighting
  1040 | D:2      | HP: 2/51 [poisoned by a scorpion]
  1226 | D:2      | Found a shattered altar of Ashenzari.
  1227 | D:2      | Found an iron altar of Okawaru.
  1248 | D:2      | Became a worshipper of Warmaster Okawaru
  1446 | D:3      | Found a transporter.
  1454 | D:3      | Found a transporter.
  1490 | D:3      | Reached XP level 7. HP: 50/56 MP: 10/10
  1805 | D:3      | Reached skill level 7 in Armour
  1913 | D:3      | Reached * piety under Okawaru
  2509 | D:4      | Reached XP level 8. HP: 61/63 MP: 12/12
  3146 | D:5      | Entered Level 5 of the Dungeon
  3154 | D:5      | Found Duted's Weapon Boutique.
  3361 | D:5      | Found Ixzionk's Assorted Antiques.
  3380 | D:5      | Found Homoycug's Weapon Shoppe.
  3487 | D:5      | Noticed a yak
  3506 | D:5      | Killed a yak
  3506 | D:5      | Reached ** piety under Okawaru
  3993 | D:5      | Learned a level 1 spell: Apportation
  4013 | D:5      | HP: 3/64 [something (8)]
  4019 | D:5      | Slain by an unseen horror

Vault maps used:
D:1:      evilmike_arrival_plus
D:2:      gammafunk_temple_overflow_pools, uniq_sigmund
D:3:      gammafunk_wand_slinger, first_ration
D:5:      cheibrodos_fzero, serial_shops, shop, shop, shop, shop_fountains,
          minmay_door_square

Skill      XL: |  1  2  3  4  5  6  7  8 |
---------------+-------------------------+-----
Invocations    | 1 2 3 |  3.9
Short Blades   | 1 2 3 |  3.5
Long Blades    | 1 2 3 |  3.5
Axes           | 1 2 3 |  3.5
Maces & Flails | 1 2 3 |  3.5
Polearms       | 1 2 3 |  3.5
Staves         | 1 2 3 |  3.5
Slings         | 1 2 3 |  3.5
Bows           | 1 2 3 |  3.5
Shields        | 1 2 3 |  3.5
Unarmed Combat | 1 2 3 |  3.5
Spellcasting   | 1 2 3 |  3.5
Crossbows      | 3 4 |  4.4
Throwing       | 3 4 |  4.4
Dodging        | 3 4 |  4.4
Conjurations   | 1 2 |  2.9
Hexes          | 1 2 |  2.9
Charms         | 1 2 |  2.9
Summonings     | 1 2 |  2.9
Necromancy     | 1 2 |  2.9
Translocations | 1 2 |  2.9
Transmutations | 1 2 |  2.9
Fire Magic     | 1 2 |  2.9
Ice Magic      | 1 2 |  2.9
Air Magic      | 1 2 |  2.9
Earth Magic    | 1 2 |  2.9
Poison Magic   | 1 2 |  2.9
Evocations     | 3 4 |  4.4
Stealth        | 3 4 |  4.3
Fighting       | 5 |  5.9
Armour         | 7 |  7.5

Action                   |  1- 3 |  4- 6 |  7- 9 || total
-------------------------+-------+-------+-------++-------
Melee: Quarterstaff      |     9 |   154 |   251 ||   414
       Bite              |     1 |    20 |    29 ||    50
 Fire: Hand crossbow     |    56 |    19 |    26 ||   101
       Shortbow          |       |       |    59 ||    59
Throw: Tomahawk          |       |       |     5 ||     5
Invok: Heroism           |       |       |     2 ||     2
  Use: Scroll            |       |       |    10 ||    10
       Potion            |       |       |     7 ||     7
 Stab: Sleeping          |       |     1 |     2 ||     3
  Eat: Chunk             |       |     2 |     7 ||     9
       Ration            |       |       |     1 ||     1
Armor: Ring mail         |     6 |    74 |   132 ||   212
Dodge: Dodged            |    11 |    97 |   199 ||   307

Table legend:
 A = Spawn XP
 B = Non-spawn XP
 C = Spawn XP percentage of total XP
 D = Spawn monster count
 E = Non-spawn monster count
 F = Spawn count percentage of total count
 G = Total turns spent on level
                    A         B        C        D         E        F      G
               +---------+---------+-------+---------+---------+-------+---------
         Total |       0 |    2200 |   0.0 |       0 |     142 |   0.0 |  4019
               +---------+---------+-------+---------+---------+-------+---------
           D:1 |       0 |      57 |   0.0 |       0 |      25 |   0.0 |   650
           D:2 |       0 |     402 |   0.0 |       0 |      30 |   0.0 |   641
           D:3 |       0 |     372 |   0.0 |       0 |      38 |   0.0 |   884
           D:4 |       0 |     593 |   0.0 |       0 |      32 |   0.0 |   971
           D:5 |       0 |     776 |   0.0 |       0 |      17 |   0.0 |   873
               +---------+---------+-------+---------+---------+-------+---------
